 Dungeon Crawl Stone Soup version 0.20-a0-1065-g8446734 (webtiles) character file.

299 Goblin1989 the Covert (level 6, -2/30 HPs)
             Began as a Spriggan Assassin on Apr 28, 2017.
             Slain by a hell rat (13 damage)
             ... on level 7 of the Dungeon.
             The game lasted 00:13:35 (2693 turns).

Goblin1989 the Covert (Spriggan Assassin)           Turns: 2693, Time: 00:13:36

Health: -2/30      AC:  3    Str:  7    XL:     6   Next: 13%
Magic:  7/7        EV: 16    Int: 12    God:
Gold:   165        SH:  0    Dex: 20    Spells: 5/5 levels left

rFire    . . .     SeeInvis +   a - +2 dagger
rCold    . . .     Gourm    .   (shield restricted)
rNeg     . . .     Faith    .   c - +0 robe
rPois    .         Spirit   .   (helmet restricted)
rElec    .         Reflect  .   d - +0 cloak
rCorr    .         Harm     .   (gloves unavailable)
MR       +....                  (boots unavailable)
Stlth    +++++.....             (no amulet)
Regen    0.1/turn               (no ring)
MPRegen  0.1/turn               (no ring)

@: drained, very quick
A: unfitting armour, see invisible, herbivore 3, speed 3, slow metabolism 2
a: no special abilities


You were on level 7 of the Dungeon.
You were not hungry.

You visited 1 branch of the dungeon, and saw 7 of its levels.

You collected 165 gold pieces.

Inventory:

Hand Weapons
 a - a +2 dagger (weapon)
 f - a +0 shortbow
 h - a +0 short sword
 l - a +0 club
 m - a +0 club
 n - a +0 mace
 p - a +0 club
 q - a +0 hunting sling
 w - a +0 blowgun {@w1}
 x - a cursed +0 short sword
 y - a +0 mace
 B - a +0 trident
 D - a +0 hand axe
 H - a +0 mace
 J - a +0 hand axe
 P - a +0 spear
 T - a +0 giant club
 W - a +0 dagger
 X - a +0 trident
Missiles
 g - 8 poisoned needles
 i - 67 arrows
 r - 8 tomahawks
 v - 6 silver javelins
 C - 18 bolts
 K - 56 stones (quivered)
 U - 2 curare-tipped needles
 V - 30 sling bullets
Armour
 c - a +0 robe (worn)
 d - a +0 cloak (worn)
 t - a +0 ring mail
 u - a +0 ring mail
 z - a +0 leather armour
 I - a +0 robe
 M - a +0 pair of boots
 R - a +0 robe
 S - a +0 pair of gloves
 Y - a +0 leather armour
Scrolls
 b - 2 scrolls of recharging {unknown}
 o - a scroll of magic mapping {unknown}
 A - a scroll of amnesia {unknown}
 F - a scroll of enchant weapon {unknown}
 L - a scroll of identify {unknown}
Potions
 j - 2 potions of lignification {unknown}
 E - 2 potions of flight {unknown}
 G - a potion of curing {unknown}
 N - a potion of brilliance {unknown}
 O - a potion of cancellation {unknown}
 Q - 3 potions of degeneration {unknown}
Books
 Z - a Young Poisoner's Handbook

   Spells                             Type                      Level
   a - Sting                          Conjuration/Poison           1
   b - Poisonous Vapours              Poison/Air                   2
   c - Mephitic Cloud                 Conjuration/Poison/Air       3
   d - Olgreb's Toxic Radiance        Poison                       4
   e - Venom Bolt                     Conjuration/Poison           5
Comestibles
 e - 3 bread rations {@e1}
 k - 2 meat rations {@e2}
 s - 2 royal jellies


   Skills:
 - Level 1.5(1.2) Fighting
 - Level 2.1(1.8) Short Blades
 - Level 2.0(1.6) Throwing
 - Level 1.5(1.1) Dodging
 + Level 11.1(10.7) Stealth


You had 5 spell levels left.
You didn't know any spells.

Dungeon Overview and Level Annotations

Branches:
Dungeon (7/15)
 Temple: D:4-7

Altars:
Dithmenos
Gozag
Okawaru
The Shining One

Annotations:
D:5 exclusion: jelly
D:7 exclusion: Dowan, BadBadger's ghost, novice GnSk; Dowan


Innate Abilities, Weirdness & Mutations

You are very small and have problems with some larger weapons.
You are too small for most types of armour.
You have supernaturally acute eyesight. (SInv)
You are a herbivore.
You cover ground extremely quickly.
You need consume almost no food.


Message History

There is an open door here.
You close the door.
There is a stone staircase leading down here.
You climb downwards.
A jackal zombie comes into view.
Found a stone staircase leading up.
There is a stone staircase leading up here.
Unknown command.
The helpless jackal zombie fails to defend itself.
You stick the jackal zombie like a pincushion!!!
You destroy the jackal zombie!
A hound zombie comes into view.
Unknown command.
BadBadger's ghost (novice Gnoll Skald) comes into view.
Marking area around Dowan as unsafe for travelling.
Dowan, Brother of Duvessa comes into view.
He is wielding a dagger.
A hound skeleton comes into view.
Health restored: 30 You see here a Young Poisoner's Handbook.
Z - a Young Poisoner's Handbook The hound zombie bites you but does no damage.
You see here 8 tomahawks.
Drop what? 52/52 slots (_ for help) (? for menu, Esc to quit)
You drop a dagger.
The hound zombie bites you but does no damage.
r - 8 tomahawks The hound zombie bites you but does no damage.
BadBadger's ghost turns its malevolent gaze towards you.
Found a stone staircase leading up.
A phantom comes into view.
There is a stone staircase leading up here.
You climb upwards.
An adder comes into view.
There is a stone staircase leading down here.
The helpless adder fails to defend itself.
You spit the adder like a pig!!!
You kill the adder!
Q - 3 murky yellow potions (gained 1)
k - 2 meat rations {@e2} (gained 1)
A giant cockroach comes into view.
You see here a scroll labeled JUYRUE UPTIT.
Unknown command.
You see here a scroll labeled JUYRUE UPTIT.
You can't carry that many items.
You see here a scroll labeled JUYRUE UPTIT.
Drop what? 52/52 slots (_ for help) (? for menu, Esc to quit)
You drop a dagger.
L - a scroll labeled JUYRUE UPTIT
There is a stone staircase leading up, spattered with blood here.
You open the door.
There is an open door here.
There is an escape hatch in the floor here.
You slide downwards.
The hatch slams shut behind you.
Level annotation: exclusion: Dowan, BadBadger's ghost, novice GnSk; Dowan 3 rats, a river rat, a hell rat and a quokka come into view.
The helpless rat fails to defend itself.
You stick the rat like a pincushion!!!
You kill the rat!
The helpless rat fails to defend itself.
You skewer the rat like a kebab!!!
You kill the rat!
The helpless rat fails to defend itself.
You skewer the rat like a kebab!!!
You kill the rat!
You see here a rat corpse.
The helpless quokka fails to defend itself.
You stick the quokka like a pincushion!!!
You kill the quokka!
The hell rat roars deafeningly!
You hit the river rat.
The river rat is heavily wounded.
The hell rat bites you!
You feel drained.
* * * LOW HITPOINT WARNING * * *
You take 17 damage, and have 13/30 hp.
MASSIVE DAMAGE!!
A rat comes into view.
A rat comes into view.
A quokka comes into view.
A rat comes into view.
The quokka bites you but does no damage.
A quokka comes into view.
The quokka bites you.
* * * LOW HITPOINT WARNING * * *
A rat comes into view.
You take 1 damage, and have 13/30 hp. 3 river rats come into view.
The quokka bites you.
* * * LOW HITPOINT WARNING * * *
You see here 16 stones.
You take 3 damage, and have 10/30 hp.
The quokka barely misses you.
A quokka comes into view.
You catch the helpless rat completely off-guard!
You impale the rat!!
You kill the rat!
You see here 12 gold pieces.
You see here 12 gold pieces.
You see here 12 gold pieces.
You hit the hell rat but do no damage. The hell rat closely misses you.
The hell rat bites you!
You die...

██....█
███..††.█
█...!†..█
██.██....█
██..██...██
██r███.██r██
██.█...████r██
█r.████.█


██r█ ██.██ █.██ █@█ █r██ ██.█ █$█ █..███r██ ███ ███..r█.█ ██rr.██ █.....)█
█.██.██.r█ █ ..█. ██... .██ █ rr. You could see a hell rat, a quokka and a rat.

Vanquished Creatures
  An ogre (D:5)
  A centaur (D:5)
  A hound (D:5)
  An iguana (D:4)
  A hound skeleton (D:3)
  2 adders (D:6)
  3 oozes
  An adder skeleton (D:6)
  2 orcs
  3 bats
  4 hobgoblins
  4 jackals (D:2)
  3 quokkas
  A ball python (D:3)
  2 frilled lizards (D:2)
  5 goblins
  A jackal zombie (D:7)
  A kobold (D:2)
  9 rats
46 creatures vanquished.

Notes
Turn   | Place    | Note
-------+----------+-------------------------------------------
     0 | D:1      | Goblin1989 the Spriggan Assassin began the quest for the Orb.
     0 | D:1      | Reached XP level 1. HP: 10/10 MP: 2/2
    58 | D:1      | Reached skill level 6 in Stealth
   277 | D:1      | Reached XP level 2. HP: 3/14 MP: 3/3
   633 | D:2      | Found an opulent altar of Gozag.
   731 | D:2      | Reached skill level 7 in Stealth
  1150 | D:2      | Reached XP level 3. HP: 12/18 MP: 4/4
  1326 | D:2      | Found a shadowy altar of Dithmenos.
  1327 | D:2      | Found an iron altar of Okawaru.
  1703 | D:3      | Reached skill level 8 in Stealth
  2123 | D:4      | Reached XP level 4. HP: 11/22 MP: 5/5
  2137 | D:5      | Entered Level 5 of the Dungeon
  2138 | D:5      | Reached skill level 9 in Stealth
  2178 | D:5      | Found a glowing golden altar of the Shining One.
  2200 | D:5      | Noticed an ogre
  2223 | D:5      | Killed an ogre
  2223 | D:5      | Reached skill level 10 in Stealth
  2223 | D:5      | Reached XP level 5. HP: 18/25 MP: 6/6
  2225 | D:5      | Noticed a centaur
  2230 | D:5      | Killed a centaur
  2230 | D:5      | Reached skill level 11 in Stealth
  2230 | D:5      | Reached XP level 6. HP: 22/30 MP: 7/7
  2555 | D:7      | Noticed BadBadger's ghost (novice GnSk)
  2558 | D:7      | Noticed Dowan
  2693 | D:7      | Slain by a hell rat

Vault maps used:
D:1:      roderic_octagonal_star
D:2:      nicolae_gozag_seed_capital, gammafunk_temple_overflow_pools
D:3:      led_sif_pool, serial_undead, serial_undead_e, serial_undead_c,
          serial_undead_c, serial_undead_b, minmay_misc_feat_chi
D:4:      old_standard_altar, lightli_temple_of_fire
D:5:      kennysheep_mini_moat, marbit_many_paths, minmay_temple_entry_poolview,
          first_bread, serial_shops, shop, enter_ossuary_4
D:6:      lemuel_doored_altar
D:7:      lemuel_ratsnest, hex_large, uniq_duvessa

Skill      XL: |  1  2  3  4  5 |
---------------+----------------+-----
Stealth        | 6 7 8 10 11 | 11.1
Fighting       | |  1.5
Short Blades   | |  2.1
Throwing       | |  2.0
Dodging        | |  1.5

Action                   |  1- 3 |  4- 6 || total
-------------------------+-------+-------++-------
Melee: Dagger            |   130 |    23 ||   153
 Fire: Blowgun           |       |     8 ||     8
 Stab: Sleeping          |     6 |    10 ||    16
       Distracted        |       |     1 ||     1
Armor: Robe              |    12 |     5 ||    17
Dodge: Dodged            |    84 |    11 ||    95

Vault maps used:
D:1:      roderic_octagonal_star
D:2:      nicolae_gozag_seed_capital, gammafunk_temple_overflow_pools
D:3:      led_sif_pool, serial_undead, serial_undead_e, serial_undead_c,
          serial_undead_c, serial_undead_b, minmay_misc_feat_chi
D:4:      old_standard_altar, lightli_temple_of_fire
D:5:      kennysheep_mini_moat, marbit_many_paths, minmay_temple_entry_poolview,
          first_bread, serial_shops, shop, enter_ossuary_4
D:6:      lemuel_doored_altar
D:7:      lemuel_ratsnest, hex_large, uniq_duvessa
